 Dungeon Crawl Stone Soup version 0.21.1-1-g345015f (webtiles) character file.

41237 keltmir the Severer (level 13, -2/123 HPs)
             Began as a Minotaur Monk on Mar 22, 2018.
             Was a High Priest of Trog.
             Slain by an eight-headed hydra (4 damage)
             ... on level 5 of the Lair of Beasts.
             The game lasted 01:21:16 (18468 turns).

keltmir the Severer (Minotaur Monk)                Turns: 18468, Time: 01:21:17

Health: -2/123     AC: 24    Str: 27    XL:     13   Next: 78%
Magic:  4/4        EV: 10    Int:  7    God:    Trog [*****.]
Gold:   1209       SH: 21    Dex: 17    Spells: 12/12 levels left

rFire    . . .     SeeInvis .   o - +4 war axe (antimagic)
rCold    . . .     Gourm    .   s - +2 shield
rNeg     . . .     Faith    .   S - +4 chain mail "Xokiur" {Str+7}
rPois    +         Spirit   .   e - +2 hat
rElec    .         Reflect  +   E - +2 cloak {rPois}
rCorr    .         Harm     .   l - +0 pair of gloves
MR       .....                  (no boots)
Stlth    ..........             n - +5 amulet of reflection
HPRegen  0.30/turn              X - ring of stealth
MPRegen  0.09/turn              J - +3 ring of dexterity

@: invisible
A: retaliatory headbutt, horns 2
a: Berserk, Trog's Hand, Brothers in Arms, Burn Spellbooks, Renounce Religion


You were on level 5 of the Lair of Beasts.
You worshipped Trog.
Trog was extremely pleased with you.
You were near starving.

You visited 3 branches of the dungeon, and saw 19 of its levels.

You collected 1209 gold pieces.

Inventory:

Hand Weapons
 a - a +0 flail of protection
 o - a +4 antimagic war axe (weapon)
 r - a +3 battleaxe
 F - a +5 hand axe
 P - a +2 battleaxe of freezing
 W - a +3 morningstar
 Z - a +3 hand axe
Missiles
 u - 25 tomahawks (quivered)
Armour
 e - a +2 hat (worn)
 l - a +0 pair of gloves (worn)
 s - a +2 shield (worn)
 t - a +2 ring mail of fire resistance
 E - a +2 cloak of poison resistance (worn)
 I - a +0 chain mail of fire resistance
 S - the +4 chain mail "Xokiur" (worn) {Str+7}
   (You found it on level 10 of the Dungeon)

   It affects your strength (+7).
Jewellery
 d - an uncursed ring of protection from magic
 h - an uncursed ring of ice
 n - a +5 amulet of reflection (around neck)
 D - an uncursed ring of fire
 J - a +3 ring of dexterity (right hand)
 L - the amulet of the Prince {RegenMP +Fly rPois Int-5 Dex+3}
   (You found it on level 9 of the Dungeon)

   [amulet of magic regeneration]

   It increases your magic regeneration.
   It affects your intelligence (-5).
   It affects your dexterity (+3).
   It protects you from poison.
   It lets you fly.
 X - a ring of stealth (left hand)
Wands
 b - a wand of acid (11)
 w - a wand of random effects (63)
 y - a wand of flame (25)
 B - a wand of digging (13)
 K - a wand of polymorph (12)
Scrolls
 f - 15 scrolls of teleportation
 i - 4 scrolls of remove curse
 p - a scroll of immolation {unknown}
 z - a scroll of acquirement {unknown}
 A - a scroll of identify
 C - 7 scrolls of fog
 M - 2 scrolls of torment
 V - a scroll of magic mapping
Potions
 g - 2 potions of lignification
 j - 2 potions of heal wounds
 k - 2 potions of haste
 m - 2 potions of agility {unknown}
 q - a potion of degeneration {unknown}
 v - 8 potions of flight
 x - 2 potions of mutation
 G - 2 potions of invisibility
 H - a potion of brilliance {unknown}
 N - 6 potions of curing
 O - 2 potions of might
 Q - a potion of cancellation {unknown}
 Y - a potion of ambrosia
Miscellaneous
 R - a phantom mirror
Comestibles
 c - 32 rations


   Skills:
 + Level 13.8 Fighting
 - Level 15.8(16.0) Axes
 - Level 3.3(11.1) Maces & Flails
 + Level 13.3 Armour
 - Level 3.2 Dodging
 - Level 1.5 Stealth
 + Level 13.0 Shields


You had 12 spell levels left.
You didn't know any spells.

Dungeon Overview and Level Annotations

Branches:
Dungeon (13/15)            Temple (1/1) D:5            Lair (5/6) D:8
 Shoals (0/4) Lair:4        Snake (0/4) Lair:2          Orc (0/2) D:12
  Slime: Lair:5-6    Vaults: D:13-14

Altars:
Ashenzari
Cheibriados
Dithmenos
Elyvilon
Fedhas
Gozag
Hepliaklqana
Kikubaaqudgha
Makhleb
Nemelex Xobeh
Okawaru
Qazlal
Ru
Sif Muna
Trog
Uskayaw
Vehumet
Wu Jian
Xom
Yredelemnul
Zin
The Shining One

Shops:
D:9 [   D:10 }   D:12 [

Annotations:
D:4 rlgrobin's ghost, amateur GnWn
D:9 exclusion: obsidian statue
D:13 Rupert


Innate Abilities, Weirdness & Mutations

You reflexively headbutt those who attack you in melee.
You have a pair of horns on your head.


Message History

* * * LOW HITPOINT WARNING * * *
The eight-headed hydra bites you.
* * * LOW HITPOINT WARNING * * *
The basilisk gazes at you.
You easily resist.
The basilisk gazes at you.
You easily resist.
The hippogriff barely misses you.
The hippogriff pecks you but does no damage.
The hippogriff claws you but does no damage.
The wyvern bites you but does no damage.
You turn to flesh and can move again.
You fade into invisibility!
You block the wyvern's attack.
The eight-headed hydra bites you but does no damage. x4
You block the eight-headed hydra's attack.
The eight-headed hydra bites you but does no damage.
The eight-headed hydra bites you.
* * * LOW HITPOINT WARNING * * *
The eight-headed hydra bites you.
You die...

##P.. ##...##
#..#<.# #...##
###..## .##
###....#
P..###.P...P##
......^.ll..#
.##.#..ll@P##
.##......DH##
.........Hl#
...#..#...## #
#.##..##
###††## ##†.#
##.# l#


You could see an eight-headed hydra, 2 hippogriffs, 4 basilisks and a wyvern.

Vanquished Creatures
  Snorg (D:12)
  6 hydras
  A two-headed ogre (D:8)
  2 tengu warriors (D:12)
  Nergalle (Lair:4)
  An ugly thing (D:11)
  4 oklob plants (Lair:3)
  A guardian serpent (D:12)
  3 elephants (Lair:3)
  A black mamba (Lair:1)
  10 spiny frogs
  A kobold demonologist (D:10)
  5 rime drakes
  5 komodo dragons
  6 hornets
  5 trolls
  5 dream sheep (Lair:4)
  7 hippogriffs
  5 blink frogs (Lair:4)
  Prince Ribbit (D:7)
  29 yaks
  2 wraiths
  6 wyverns
  2 humans (D:9)
  4 basilisks
  A hungry ghost (D:11)
  8 water moccasins
  7 porcupines
  4 phantoms
  3 sky beasts
  2 black bears
  9 orc warriors
  An ogre (D:5)
  32 wolves
  2 necrophages
  3 centaurs
  11 crocodiles
  Blork the orc (D:6)
  11 bullfrogs
  A wyvern zombie (D:9)
  A water moccasin skeleton (D:8)
  4 scorpions
  4 killer bees
  24 wights
  2 electric eels (Lair:4)
  5 howler monkeys
  5 crimson imps
  A bullfrog zombie (D:12)
  2 centaur zombies
  2 bullfrog skeletons
  A centaur skeleton (D:10)
  A gnoll shaman (D:6)
  9 orc priests
  2 hounds
  2 jellies (D:5)
  12 orc wizards
  Crazy Yiuf (D:6)
  2 iguanas
  7 hell rats (Lair:4)
  10 worker ants
  A hound zombie (D:5)
  2 worker ant zombies
  5 gnolls (D:7)
  16 adders
  A howler monkey zombie (D:8)
  3 shadow imps
  An ooze (D:3)
  2 adder zombies
  2 adder skeletons (D:6)
  A worm (D:2)
  3 dart slugs
  5 leopard geckos
  62 orcs
  A ball python (D:2)
  8 giant cockroaches
  5 goblins
  9 hobgoblins
  7 jackals
  7 quokkas
  6 bats
  4 frilled lizards
  12 kobolds
  A leopard gecko zombie (D:6)
  A quokka skeleton (D:9)
  9 rats
  2 fungi
  2 plants (Lair:3)
485 creatures vanquished.

Vanquished Creatures (others)
  Nessos (D:12)
  A cyclops (D:13)
  A centaur (D:11)
  A hound (D:10)
  An iguana (D:10)
  15 fungi
  7 plants
27 creatures vanquished.

Grand Total: 512 creatures vanquished

Notes
Turn   | Place    | Note
-------+----------+-------------------------------------------
     0 | D:1      | keltmir the Minotaur Monk began the quest for the Orb.
     0 | D:1      | Reached XP level 1. HP: 19/19 MP: 0/0
    19 | D:1      | You fall through a shaft!
    31 | D:2      | Reached skill level 4 in Axes
    31 | D:2      | Reached XP level 2. HP: 27/27 MP: 1/1
   149 | D:2      | Reached skill level 1 in Armour
   341 | D:2      | Reached XP level 3. HP: 32/33 MP: 2/2
  1158 | D:3      | Reached skill level 5 in Axes
  1158 | D:3      | Reached XP level 4. HP: 40/40 MP: 3/3
  1810 | D:3      | Reached XP level 5. HP: 46/47 MP: 4/4
  1967 | D:4      | Noticed rlgrobin's ghost (amateur GnWn)
  2720 | D:4      | Found a shadowy altar of Dithmenos.
  3070 | D:4      | Reached skill level 6 in Axes
  3109 | D:4      | Reached skill level 5 in Fighting
  3123 | D:4      | Noticed a dagger
  3123 | D:4      | Noticed a dagger
  3128 | D:4      | Found a hide-covered altar of Uskayaw.
  3958 | D:5      | Entered Level 5 of the Dungeon
  3968 | D:5      | Reached XP level 6. HP: 54/56 MP: 5/5
  3983 | D:5      | Found a staircase to the Ecumenical Temple.
  3998 | Temple   | Entered the Ecumenical Temple
  4184 | D:5      | Noticed a sky beast
  4198 | D:5      | Reached skill level 1 in Shields
  4377 | D:5      | Found an ornate altar of the Wu Jian Council.
  4451 | D:5      | Reached skill level 7 in Axes
  4567 | D:5      | Reached XP level 7. HP: 61/61 MP: 6/6
  4942 | D:5      | Found a glowing silver altar of Zin.
  4942 | D:5      | Found a bloodstained altar of Trog.
  5257 | D:6      | Reached skill level 8 in Axes
  5359 | D:6      | Reached skill level 5 in Armour
  5359 | D:6      | Reached XP level 8. HP: 69/70 MP: 7/7
  5576 | D:6      | Noticed Blork the orc
  5623 | D:6      | Killed Blork the orc
  5898 | D:6      | Found a runed door.
  5902 | D:6      | Noticed Crazy Yiuf
  5911 | D:6      | Killed Crazy Yiuf
  5911 | D:6      | Reached skill level 9 in Axes
  6342 | D:5      | Became a worshipper of Trog the Wrathful
  6342 | D:5      | Reached * piety under Trog
  6342 | D:5      | Reached ** piety under Trog
  6959 | D:7      | Reached skill level 5 in Shields
  7067 | D:7      | Reached XP level 9. HP: 79/79 MP: 8/8
  7131 | D:7      | Reached skill level 10 in Axes
  7256 | D:7      | Found a shimmering altar of Xom.
  7319 | D:7      | Noticed Prince Ribbit
  7327 | D:7      | Killed Prince Ribbit
  7535 | D:8      | Found a sparkling altar of Nemelex Xobeh.
  7569 | D:8      | Noticed a two-headed ogre
  7724 | D:8      | Reached *** piety under Trog
  7730 | D:8      | Noticed a stone giant
  7826 | D:8      | Reached skill level 11 in Axes
  7936 | D:8      | Reached XP level 10. HP: 74/90 MP: 9/9
  8290 | D:8      | Killed a two-headed ogre
  8290 | D:8      | Reached skill level 12 in Axes
  8847 | D:8      | Found a staircase to the Lair.
  9181 | D:9      | Noticed an obsidian statue
  9190 | D:9      | Noticed an orange demon
  9263 | D:9      | Found Erghuprelab's Armour Boutique.
  9481 | D:9      | Reached **** piety under Trog
  9653 | D:9      | Found a stormy altar of Qazlal.
  9671 | D:9      | Found an ancient bone altar of Kikubaaqudgha.
 10063 | D:9      | Got a pitted jade amulet
 10065 | D:9      | Identified the amulet of the Prince {RegenMP +Fly rPois Int-5 Dex+3} (You found it on level 9 of the Dungeon)
 10136 | D:9      | Found an iron altar of Okawaru.
 10318 | D:10     | Entered Level 10 of the Dungeon
 10388 | D:10     | Found Mefam's Gadget Shop.
 10419 | D:10     | Found a flagged portal.
 10451 | D:10     | Reached skill level 13 in Axes
 10521 | D:10     | Reached XP level 11. HP: 99/99 MP: 10/10
 10687 | D:10     | Got a faintly glowing chain mail
 10698 | D:10     | Identified the +4 chain mail "Xokiur" {Str+7} (You found it on level 10 of the Dungeon)
 10952 | D:10     | Reached skill level 10 in Fighting
 11476 | D:11     | Noticed a brown ugly thing
 11487 | D:11     | Killed a brown ugly thing
 11862 | D:11     | Reached ***** piety under Trog
 11957 | D:11     | Noticed a two-headed ogre
 11961 | D:11     | Noticed a seven-headed hydra
 12680 | D:12     | Reached skill level 14 in Axes
 12802 | D:12     | Reached skill level 1 in Maces & Flails
 12802 | D:12     | Reached skill level 10 in Armour
 12828 | D:12     | Received a gift from Trog
 13126 | D:12     | Found a staircase to the Orcish Mines.
 13128 | D:12     | Found Uroethry's Armour Shop.
 13215 | D:12     | Reached skill level 10 in Shields
 13261 | D:12     | Received a gift from Trog
 13308 | D:12     | Noticed a tengu warrior
 13313 | D:12     | Noticed a tengu warrior
 13322 | D:12     | Killed a tengu warrior
 13337 | D:12     | Killed a tengu warrior
 13337 | D:12     | Reached XP level 12. HP: 110/110 MP: 3/11
 13530 | D:12     | Noticed Nessos
 13534 | D:12     | Killed Nessos
 13627 | D:12     | Noticed Snorg
 13640 | D:12     | Killed Snorg
 13844 | D:13     | Noticed Rupert
 13844 | D:13     | Paralysed by Rupert for 5 turns
 13856 | D:13     | Paralysed by Rupert for 4 turns
 14202 | Lair:1   | Entered Level 1 of the Lair of Beasts
 14593 | Lair:1   | Found a frozen archway.
 14658 | Lair:1   | Reached skill level 15 in Axes
 14705 | Lair:1   | Noticed a seven-headed hydra
 14717 | Lair:1   | Killed a seven-headed hydra
 14903 | Lair:1   | Noticed a five-headed hydra
 14910 | Lair:1   | Killed a five-headed hydra
 15564 | Lair:2   | Found a staircase to the Snake Pit.
 15735 | Lair:2   | Noticed a seven-headed hydra
 15743 | Lair:2   | Killed a seven-headed hydra
 15743 | Lair:2   | Reached XP level 13. HP: 119/119 MP: 4/12
 16024 | Lair:3   | Found a glowing golden altar of the Shining One.
 16669 | Lair:3   | Received a gift from Trog
 17470 | Lair:4   | Noticed Nergalle
 17483 | Lair:4   | Killed Nergalle
 17657 | Lair:4   | Found a staircase to the Shoals.
 17856 | Lair:4   | Received a gift from Trog
 18467 | Lair:5   | HP: 6/123 [eight-headed hydra (2)]
 18468 | Lair:5   | HP: 2/123 [eight-headed hydra (1)]
 18468 | Lair:5   | Slain by an eight-headed hydra

Skill      XL: |  1  2  3  4  5  6  7  8  9 10 11 12 13 |
---------------+----------------------------------------+-----
Axes           | 4 5 6 7 8 9 11 13 14 15 | 15.8
Armour         | 1 2 3 5 6 7 9 10 11 13 | 13.3
Fighting       | 4 5 6 7 8 9 11 12 13 | 13.8
Shields        | 2 3 5 6 8 10 11 13 | 13.0
Maces & Flails | 3 |  3.3
Dodging        | |  3.2
Stealth        | |  1.5

Action                   |  1- 3 |  4- 6 |  7- 9 | 10-12 | 13-15 || total
-------------------------+-------+-------+-------+-------+-------++-------
Melee: Hand axe          |    97 |   155 |   442 |   594 |       ||  1288
       Headbutt          |    18 |    26 |    90 |   200 |    79 ||   413
       War axe           |       |       |       |   204 |   241 ||   445
       Morningstar       |       |       |       |    15 |    16 ||    31
Throw: Tomahawk          |       |     2 |     3 |       |       ||     5
Invok: Berserk           |       |       |     2 |     7 |     1 ||    10
       Burn Spellbooks   |       |       |     1 |     4 |       ||     5
Evoke: Wand              |       |       |     1 |       |       ||     1
  Use: Scroll            |     5 |     4 |     5 |    10 |     3 ||    27
       Potion            |       |     1 |       |     2 |     2 ||     5
 Stab: Sleeping          |     5 |     2 |       |       |       ||     7
  Eat: Chunk             |       |     5 |    13 |    30 |     6 ||    54
       Ration            |       |     2 |       |       |     1 ||     3
Armor: Robe              |    16 |    11 |       |       |       ||    27
       Chain mail        |       |    51 |   122 |   193 |   208 ||   574
       Skin              |       |       |       |    17 |       ||    17
       Plate armour      |       |       |       |     2 |       ||     2
Dodge: Dodged            |    82 |    61 |    47 |   123 |    70 ||   383
Block: Shield            |       |    50 |   315 |   622 |   214 ||  1201
       Reflection        |       |     4 |     5 |    14 |     3 ||    26
